 Dungeon Crawl Stone Soup version 0.22-a0-785-g6253c82ace (webtiles) character file.

1208 Fandomethor the Shield-Bearer (level 8, -4/71 HPs)
             Began as a Minotaur Fighter on July 20, 2018.
             Slain by a cyclops (5 damage)
             ... on level 7 of the Dungeon.
             The game lasted 00:06:05 (4671 turns).

Fandomethor the Shield-Bearer (Minotaur Fighter)    Turns: 4671, Time: 00:06:06

Health: -4/71      AC: 13    Str: 23    XL:     8   Next: 21%
Magic:  7/7        EV:  6    Int:  5    God:
Gold:   407        SH: 10    Dex: 10    Spells: 7/7 levels left

rFire    . . .     SeeInvis .   a - +0 long sword
rCold    . . .     Gourm    .   c - +0 shield
rNeg     . . .     Faith    .   y - +0 chain mail
rPois    .         Spirit   .   n - +0 hat
rElec    .         Reflect  .   (no cloak)
rCorr    .         Harm     .   (no gloves)
MR       .....                  x - +2 pair of boots
Stlth    ..........             (no amulet)
HPRegen  0.21/turn              (no ring)
MPRegen  0.10/turn              (no ring)

@: no status effects
A: retaliatory headbutt, horns 2
a: no special abilities


You were on level 7 of the Dungeon.
You were not hungry.

You visited 1 branch of the dungeon, and saw 7 of its levels.

You collected 407 gold pieces.

Inventory:

Hand Weapons
 a - a +0 long sword (weapon)
Armour
 c - a +0 shield (worn)
 n - a +0 hat (worn)
 x - a +2 pair of boots (worn)
 y - a +0 chain mail (worn)
Scrolls
 g - a scroll of amnesia {unknown}
 i - 12 scrolls of identify {unknown}
 j - 4 scrolls of immolation {unknown}
 m - a scroll of blinking {unknown}
 o - 2 scrolls of fog {unknown}
 p - 2 scrolls of enchant armour {unknown}
 q - 4 scrolls of teleportation {unknown}
 r - 3 scrolls of fear {unknown}
 t - a scroll of remove curse {unknown}
 w - a scroll of magic mapping {unknown}
Potions
 d - a potion of might
 e - 2 potions of cancellation
 h - 2 potions of curing
 k - a potion of magic {unknown}
 l - 2 potions of mutation {unknown}
 s - a potion of ambrosia {unknown}
 u - a potion of haste {unknown}
 v - a potion of agility {unknown}
 z - a potion of lignification {unknown}
Comestibles
 f - 9 rations


   Skills:
 + Level 6.9 Fighting
 + Level 6.4 Long Blades
 + Level 6.9 Armour
 + Level 6.9 Shields


You had 7 spell levels left.
You didn't know any spells.
Your spell library was empty.

Dungeon Overview and Level Annotations

Branches:
Dungeon (7/15)             Temple (0/1) D:5

Altars:
Ashenzari
Cheibriados
Elyvilon
Kikubaaqudgha
Uskayaw
Vehumet
Wu Jian
The Shining One

Shops:
D:5 *


Innate Abilities, Weirdness & Mutations

You reflexively headbutt those who attack you in melee.
You have a pair of horns on your head.


Message History

You block the cyclops's attack.
You hit the cyclops but do no damage.
The cyclops is moderately wounded.
The cyclops hits you!
You slash the cyclops! You headbutt the cyclops.
The cyclops is heavily wounded.
Your shield and chain mail prevent you from hitting the cyclops.
The cyclops is heavily wounded.
The cyclops hits you!!
You are too injured to fight recklessly!
You are too injured to fight recklessly!
You are too injured to fight recklessly!
You hit the cyclops but do no damage.
The cyclops is heavily wounded.
The cyclops hits you!!
* * * LOW HITPOINT WARNING * * *
You hit the cyclops but do no damage.
The cyclops is heavily wounded.
The cyclops hits you.
You die...

#. .#.#####
........ #......
#....#+########
#.............#
#.............#
#.....(@C.....#
+...(#.########
#....#.#
#......#+##
#..####...#
#.........# ..
#...###...# ....
#.....#...#
.....#..##.#...#


You could see a cyclops.

Vanquished Creatures
  A necrophage (D:6)
  A phantom (D:5)
  3 ogres
  3 bullfrogs
  A scorpion (D:4)
  A howler monkey (D:4)
  2 bullfrog skeletons
  A gnoll shaman (D:5)
  3 orc priests
  An orc wizard (D:3)
  An iguana (D:4)
  2 worker ants (D:6)
  2 hound skeletons
  A worker ant zombie (D:6)
  4 gnolls (D:6)
  6 adders
  2 oozes
  An adder zombie (D:3)
  2 dart slugs
  5 leopard geckos
  8 orcs
  A ball python (D:1)
  4 bats
  4 giant cockroaches
  3 goblins
  8 hobgoblins
  8 jackals
  4 kobolds
  3 quokkas
  8 frilled lizards
  A leopard gecko skeleton (D:4)
  3 rats
98 creatures vanquished.

Notes
Turn   | Place    | Note
-------+----------+-------------------------------------------
     0 | D:1      | Fandomethor the Minotaur Fighter began the quest for the Orb.
     0 | D:1      | Reached XP level 1. HP: 19/19 MP: 0/0
   145 | D:1      | Reached XP level 2. HP: 26/27 MP: 1/1
   611 | D:2      | Reached XP level 3. HP: 33/33 MP: 2/2
   634 | D:2      | Found an ancient bone altar of Kikubaaqudgha.
   635 | D:2      | Found an ornate altar of the Wu Jian Council.
   635 | D:2      | Found a shattered altar of Ashenzari.
   669 | D:2      | Found a hide-covered altar of Uskayaw.
   876 | D:2      | Found a glowing golden altar of the Shining One.
   945 | D:2      | Reached XP level 4. HP: 40/40 MP: 3/3
  1401 | D:3      | Found a radiant altar of Vehumet.
  1733 | D:3      | Reached XP level 5. HP: 39/47 MP: 4/4
  1803 | D:4      | Reached skill level 5 in Shields
  1832 | D:4      | Reached skill level 5 in Fighting
  1832 | D:4      | Reached skill level 5 in Armour
  1851 | D:4      | Noticed an ogre
  2072 | D:4      | Reached XP level 6. HP: 56/56 MP: 5/5
  2686 | D:5      | Entered Level 5 of the Dungeon
  2732 | D:5      | Reached skill level 5 in Long Blades
  2732 | D:5      | Reached XP level 7. HP: 20/62 MP: 6/6
  2758 | D:5      | Found Laer's Assorted Antiques.
  2778 | D:5      | Found a snail-covered altar of Cheibriados.
  2846 | D:5      | Found a staircase to the Ecumenical Temple.
  3306 | D:5      | Found a white marble altar of Elyvilon.
  4229 | D:6      | Reached XP level 8. HP: 57/71 MP: 7/7
  4660 | D:7      | Noticed a cyclops
  4670 | D:7      | HP: 1/71 [cyclops (28)]
  4671 | D:7      | Slain by a cyclops

Vault maps used:
D:1:      evilmike_arrival_hilbert_curve
D:2:      minitemple, overflow_temple_1_default, minmay_octomino_e4
D:3:      vehumet_crystals, first_ration, grunt_ministairs_11
D:4:      supply_closet_lemuel
D:5:      lemuel_crystal_altar, cheibriados_altar_1, minmay_temple_entry_glass,
          serial_shops, shop, hangedman_decor_opposing, minivault_14
D:7:      basic_altar

Skill      XL: |  1  2  3  4  5  6  7 |
---------------+----------------------+-----
Fighting       | 4 5 6 |  6.9
Long Blades    | 3 4 5 6 |  6.4
Armour         | 4 5 6 |  6.9
Shields        | 4 5 6 |  6.9

Action                   |  1- 3 |  4- 6 |  7- 9 || total
-------------------------+-------+-------+-------++-------
Melee: Long sword        |    73 |   110 |   131 ||   314
       Headbutt          |     9 |    22 |    25 ||    56
  Use: Potion            |       |     2 |     2 ||     4
  Eat: Chunk             |       |     5 |     4 ||     9
       Ration            |       |       |     1 ||     1
Armor: Scale mail        |    47 |    32 |    40 ||   119
Dodge: Dodged            |    24 |    20 |    44 ||    88
Block: Shield            |    44 |    45 |    78 ||   167
       Rpst.: Long sword |     6 |     6 |    10 ||    22

Table legend:
 A = Spawn XP
 B = Non-spawn XP
 C = Spawn XP percentage of total XP
 D = Spawn monster count
 E = Non-spawn monster count
 F = Spawn count percentage of total count
 G = Total turns spent on level
                    A         B        C        D         E        F      G
               +---------+---------+-------+---------+---------+-------+---------
         Total |       0 |    1727 |   0.0 |       0 |      98 |   0.0 |  4671
               +---------+---------+-------+---------+---------+-------+---------
           D:1 |       0 |      21 |   0.0 |       0 |       9 |   0.0 |   546
           D:2 |       0 |      82 |   0.0 |       0 |      21 |   0.0 |   538
           D:3 |       0 |     146 |   0.0 |       0 |      25 |   0.0 |   749
           D:4 |       0 |     293 |   0.0 |       0 |       7 |   0.0 |   853
           D:5 |       0 |     521 |   0.0 |       0 |      14 |   0.0 |  1365
           D:6 |       0 |     664 |   0.0 |       0 |      22 |   0.0 |   596
               +---------+---------+-------+---------+---------+-------+---------
